 Dungeon Crawl Stone Soup version 0.26-a0-667-g92642533e4 (console) character file.

Game seed: 10648657986633549860

147 om the Ruffian (level 5, -4/46 HPs)
             Began as a Ghoul Monk on Oct 16, 2020.
             Slain by an orc priest
             ... wielding a +0 flail
              (5 damage)
             ... on level 3 of the Dungeon.
             The game lasted 00:03:53 (2519 turns).

om the Ruffian (Ghoul Monk)                         Turns: 2519, Time: 00:03:54

Health: -4/46      AC:  6    Str: 16    XL:     5   Next: 29%
Magic:  4/4        EV: 12    Int:  5    God:
Gold:   124        SH:  0    Dex: 11    Spells: 4/4 levels left

rFire    . . .     SeeInvis .     - Unarmed
rCold    + . .     Faith    .   (no shield)
rNeg     + + +     Spirit   .   o - +0 ring mail
rPois    ∞         Reflect  .   (no helmet)
rElec    .         Harm     .   f - +0 cloak
rCorr    .         Rampage  .   (no gloves)
MR       .....                  (no boots)
Stlth    ++........             (no amulet)
HPRegen  0.00/turn              (no ring)
MPRegen  0.09/turn              (no ring)

@: no status effects
A: rotting body, claws 1, cold resistance 1, negative energy resistance 3,
inhibited regeneration, torment resistance, unbreathing
a: no special abilities


You were on level 3 of the Dungeon.
You visited 1 branch of the dungeon, and saw 3 of its levels.

You collected 124 gold pieces.

Inventory:

Armour
 a - a +0 robe
 f - a +0 cloak (worn)
 o - a +0 ring mail (worn)
Jewellery
 i - a +6 ring of dexterity {unknown}
Scrolls
 b - a scroll of immolation {unknown}
 c - 4 scrolls of identify {unknown}
 d - a scroll of blinking {unknown}
 k - a scroll of remove curse {unknown}
 l - a scroll of amnesia {unknown}
 m - a scroll of enchant weapon {unknown}
 n - a scroll of teleportation {unknown}
Potions
 e - 3 potions of curing
 g - 2 potions of might {unknown}
 h - 2 potions of heal wounds {unknown}
 j - 2 potions of invisibility {unknown}


   Skills:
 + Level 4.1 Fighting
 + Level 3.3 Dodging
 + Level 3.3 Stealth
 * Level 4.7 Unarmed Combat


You had 4 spell levels left.
You didn't know any spells.
Your spell library was empty.

Dungeon Overview and Level Annotations

Branches:
Dungeon (3/15)

Altars:
Dithmenos


Innate Abilities, Weirdness & Mutations

Your body is rotting away.
You thrive by killing the living.
You are immune to poison.
You have sharp fingernails.
Your flesh is cold resistant. (rC+)
You are immune to negative energy. (rN+++)
You do not regenerate when monsters are visible.
You are immune to unholy pain and torment.
You can survive without breathing.


Message History

Something hits you but does no damage.
You claw something!
Reactivating autopickup.
You feel a bit more experienced. The orc priest misses you. The orc hits you.
You scratch the orc but do no damage. The orc hits you.
The orc priest looks braver for a moment.
The orc misses you.
You scratch the orc.
The orc is heavily wounded.
The orc hits you but does no damage.
The orc priest mumbles some strange prayers to Beogh against you.
Beogh smites you!
* * * LOW HITPOINT WARNING * * *
You are too injured to fight recklessly!
You claw the orc!
You kill the orc!
The orc hits you.
* * * LOW HITPOINT WARNING * * *
The orc priest hits you with a +0 flail.
You die...

........# ........#
........#
.....)..###
....<.)...#
........#.# ##
........#.###....
..............#
........#.#####
###..####).#########
#.....@oo.........
#..#####o..........
... #........... .##
#...........
#...........
#....>.....# .
####.##....# .. ##.#
..### ..###
##..##.##
.....###..#....# .
...##.....#..##.#


You could see an orc priest and 2 orcs.

Vanquished Creatures
  An orc wizard (D:3)
  Robin (D:2)
  5 adders
  A worm (D:2)
  A dart slug (D:2)
  2 leopard geckos
  An orc (D:3)
  A ball python (D:1)
  2 giant cockroaches (D:1)
  10 goblins
  8 hobgoblins
  2 jackals (D:1)
  2 quokkas
  4 bats
  2 frilled lizards
  7 kobolds
  7 rats
57 creatures vanquished.

Vanquished Creatures (others)
  A plant (D:1)
1 creature vanquished.

Grand Total: 58 creatures vanquished

Notes
Turn   | Place    | Note
-------+----------+-------------------------------------------
     0 | D:1      | om the Ghoul Monk began the quest for the Orb.
     0 | D:1      | Reached XP level 1. HP: 19/19 MP: 0/0
   252 | D:1      | Reached XP level 2. HP: 26/26 MP: 1/1
  1077 | D:2      | Reached XP level 3. HP: 31/31 MP: 2/2
  1091 | D:2      | Found a shadowy altar of Dithmenos.
  1417 | D:2      | Reached XP level 4. HP: 40/40 MP: 3/3
  1527 | D:2      | Noticed Robin
  1575 | D:2      | Killed Robin
  2360 | D:3      | Found a faded altar of an unknown god.
  2428 | D:3      | Reached XP level 5. HP: 43/46 MP: 4/4
  2519 | D:3      | HP: 1/46 [orc (4)]
  2519 | D:3      | Slain by an orc priest

Illustrated notes

Levels and vault maps discovered:
D:1:      giann_bridges, layout_loops_ring
D:2:      layout_basic, nicolae_dithmenos_shadow_blocks, uniq_robin
D:3:      layout_rooms, minitemple, chequers_ecumenical_altar_grove

Skill      XL: |  1  2  3  4 |
---------------+-------------+-----
Dodging        | 3 |  3.3
Unarmed Combat | 4 |  4.7
Stealth        | 3 |  3.3
Fighting       | 4 |  4.1

Action                   |  1- 3 |  4- 6 || total
-------------------------+-------+-------++-------
Melee: Unarmed           |    98 |    99 ||   197
       Punch             |     1 |       ||     1
 Stab: Sleeping          |     2 |     3 ||     5
Armor: Robe              |    12 |    13 ||    25
       Ring mail         |       |    28 ||    28
Dodge: Dodged            |    58 |    67 ||   125

Table legend: (Time is in decaauts)
 A = Elapsed time spent in this place.
 B = Non-inter-level travel time spent in this place.
 C = Inter-level travel time spent in this place.
 D = Time resting spent in this place.
 E = Time spent auto-exploring this place.
 F = Levels seen in this place.
 G = Mean time per level.
                   A        B        C        D        E       F      G
               +--------+--------+--------+--------+--------+-----+--------+
         Total |   2509 |   2461 |     48 |    588 |   1391 |   3 |  836.3 |
       Dungeon |   2509 |   2461 |     48 |    588 |   1391 |   3 |  836.3 |
               +--------+--------+--------+--------+--------+-----+--------+

Top non-repeatable levels by time:
     D:2: 1202 daAuts
     D:1: 1064 daAuts
     D:3: 242 daAuts
